 Dungeon Crawl Stone Soup version 0.25.1-2-g60ff931df9 (webtiles) character file.

Game seed: 1471830144618790297

305 DearestLeader the Frost Mage (level 6, -1/41 HPs)
             Began as a Merfolk Ice Elementalist on Nov 19, 2020.
             Slain by Grinder (3 damage)
             ... while paralysed by Grinder
             ... on level 3 of the Dungeon.
             The game lasted 00:05:42 (4488 turns).

DearestLeader the Frost Mage (MfIE)                 Turns: 4488, Time: 00:05:42

Health: -1/41      AC:  2    Str:  8    XL:     6   Next: 39%
Magic:  5/9        EV:  2    Int: 17    God:
Gold:   133        SH:  0    Dex: 14    Spells: 5/9 levels left

rFire    . . .     SeeInvis .   b - +1 whip (venom)
rCold    . . .     Gourm    .   (no shield)
rNeg     . . .     Faith    .   a - +0 robe
rPois    .         Spirit   .   (no helmet)
rElec    .         Reflect  .   (no cloak)
rCorr    .         Harm     .   (no gloves)
MR       .....                  (no boots)
Stlth    ++........             (no amulet)
HPRegen  0.13/turn              (no ring)
MPRegen  0.11/turn              (no ring)

@: paralysed, brilliant, flying, hasted
A: change form in water, swift swim, stealthy swim
a: no special abilities


You were on level 3 of the Dungeon.
You were not hungry.

You visited 1 branch of the dungeon, and saw 3 of its levels.

You collected 133 gold pieces.

Inventory:

Hand Weapons
 b - a +1 whip of venom (weapon)
Missiles
 l - 28 poisoned darts (quivered)
Armour
 a - a +0 robe (worn)
Wands
 d - a wand of random effects (13)
Scrolls
 e - 2 scrolls of teleportation
 i - a scroll of fog {unknown}
 j - a scroll of fear {unknown}
 k - 2 scrolls of identify {unknown}
 n - a scroll of enchant armour {unknown}
 o - 2 scrolls of immolation {unknown}
Comestibles
 c - 2 rations


   Skills:
 - Level 2.6 Dodging
 - Level 2.1 Stealth
 - Level 2.0 Spellcasting
 * Level 8.2 Ice Magic


You had 5 spell levels left.
You knew the following spells:

 Your Spells              Type           Power        Failure   Level  Hunger
a - Freeze                Ice            ####         1%          1    None
b - Frozen Ramparts       Ice            #####.       1%          3    None

Your spell library contained the following spells:

 Spells                   Type           Power        Failure   Level  Hunger
 Ozocubu's Armour         Chrm/Ice       ###.....     11%         3    None
 Animate Skeleton         Necr           N/A          19%         1    None
 Apportation              Tloc           #.....       19%         1    None
 Corona                   Hex            #......      19%         1    None
 Summon Small Mammal      Summ           #...         19%         1    None
 Hailstorm                Conj/Ice       ###.....     34%         4    None
 Summon Ice Beast         Ice/Summ       ###.....     34%         4    None


Dungeon Overview and Level Annotations

Branches:
Dungeon (3/15)

Altars:

Annotations:
D:3 Grinder


Message History

You writhe in agony.
* * * LOW HITPOINT WARNING * * *
You can move again.
Okay, then.
It was a potion of flight.
You feel very buoyant.
You fly up into the air.
Grinder completely resists.
The wall freezes Grinder but do no damage.
Grinder misses you.
All of the chunks of flesh in your inventory have rotted away.
It was a potion of brilliance.
You feel clever all of a sudden.
Grinder resists.
The wall freezes Grinder.
Grinder barely misses you.
It was a potion of haste.
You feel yourself speed up.
The frozen ramparts melt away.
Grinder barely misses you.
Grinder says, "DUCK!"
Grinder gestures at you.
You suddenly lose the ability to move!
Grinder hits you.
You die...

#.............##.#
#.............##.#
#................########
.......<5.....##.#...)..#
...#..)#......((.#)#
...................#
...####.###.####.### ...
...# #.# #5# #..
##..###.####@# #..
#...........# #..
#.####.####.# ... #.# #.#
#[# ##. #.# #.# #.#####
##.## #.# #.....#
#...###.# #.###.#
#.......# #.# #.#
#####...##### #.# #.#


You could see Grinder.

Vanquished Creatures
  An orc priest (D:3)
  Natasha (thrice) (D:2)
  Terence (D:2)
  7 gnolls (D:2)
  2 adders
  2 worms (D:2)
  6 leopard geckos
  9 orcs (D:3)
  3 ball pythons
  2 giant cockroaches
  12 hobgoblins
  3 jackals (D:1)
  7 bats
  2 frilled lizards
  8 goblins
  A kobold (D:1)
  8 rats
77 creatures vanquished.

Notes
Turn   | Place    | Note
-------+----------+-------------------------------------------
     0 | D:1      | DearestLeader the Merfolk Ice Elementalist began the quest
                  | for the Orb.
     0 | D:1      | Reached XP level 1. HP: 13/13 MP: 3/3
   285 | D:1      | Reached XP level 2. HP: 19/19 MP: 5/5
   358 | D:1      | Reached skill level 5 in Ice Magic
   879 | D:1      | Reached XP level 3. HP: 19/24 MP: 6/6
  1443 | D:2      | Learned a level 3 spell: Frozen Ramparts
  1554 | D:2      | Reached skill level 6 in Ice Magic
  1554 | D:2      | Reached XP level 4. HP: 12/30 MP: 1/7
  2010 | D:2      | Noticed Terence
  2021 | D:2      | Killed Terence
  2519 | D:2      | Reached XP level 5. HP: 24/35 MP: 8/8
  2733 | D:2      | Noticed Natasha
  2739 | D:2      | Killed Natasha
  2739 | D:2      | Reached skill level 7 in Ice Magic
  3446 | D:2      | Noticed Natasha
  3450 | D:2      | Killed Natasha
  3555 | D:2      | Noticed Natasha
  3562 | D:2      | Killed Natasha
  3562 | D:2      | Reached XP level 6. HP: 32/41 MP: 5/9
  3801 | D:3      | Noticed Grinder
  4228 | D:3      | Reached skill level 8 in Ice Magic
  4480 | D:3      | Paralysed by Grinder for 3 turns
  4482 | D:3      | HP: 1/41 [Grinder (6)]
  4486 | D:3      | Paralysed by Grinder for 6 turns
  4488 | D:3      | Slain by Grinder

Illustrated notes

Levels and vault maps discovered:
D:1:      nzn_arrival_settlement, layout_loops_ring
D:2:      layout_basic, uniq_terence, uniq_natasha
D:3:      layout_loops_ring, minmay_close_crescents, uniq_ijyb, uniq_grinder

Skill      XL: |  1  2  3  4  5  6 |
---------------+-------------------+-----
Ice Magic      | 5 6 7 8 |  8.2
Dodging        | |  2.6
Stealth        | |  2.1
Spellcasting   | |  2.0

Action                   |  1- 3 |  4- 6 || total
-------------------------+-------+-------++-------
Melee: Whip              |    63 |   109 ||   172
Throw: Dart              |       |     3 ||     3
 Cast: Freeze            |     7 |     4 ||    11
       Frozen Ramparts   |     1 |    13 ||    14
  Use: Scroll            |       |     2 ||     2
       Potion            |       |     3 ||     3
 Stab: Sleeping          |     6 |     4 ||    10
       Distracted        |       |     1 ||     1
  Eat: Chunk             |     1 |    12 ||    13
Armor: Robe              |    11 |    16 ||    27
Dodge: Dodged            |    42 |    80 ||   122
